 Dungeon Crawl Stone Soup version 0.30-a0-414-gcb316572d5 (webtiles) character file.

Game seed: 13437917808296782833

638 sleeves the Insei (level 7, -11/48 HPs)
             Began as a Demonspawn Transmuter on Dec 8, 2022.
             Mangled by an ogre
             ... wielding a +0 giant club
              (26 damage)
             ... on level 5 of the Dungeon.
             The game lasted 00:03:47 (3467 turns).

sleeves the Insei (Demonspawn Transmuter)           Turns: 3467, Time: 00:03:47

Health: -11/48     AC:  7    Str: 11    XL:     7   Next: 25%
Magic:  10/10      EV: 15    Int: 19    God:
Gold:   304        SH:  0    Dex: 16    Spells: 9/10 levels left

rFire   . . .      SeeInvis .      - Unarmed
rCold   . . .      Faith    .    (no shield)
rNeg    . . .      Spirit   .    p - +0 ring mail "Ykhoroum" {Int+3 Dex+3}
rPois   .          Reflect  .    q - +0 helmet
rElec   .          Harm     .    h - +0 cloak
rCorr   .          Rampage  .    (no gloves)
Will    .....                    (no boots)
Stlth   +.........               (no amulet)
HPRegen 0.28/turn                (no ring)
MPRegen 0.12/turn                (no ring)

@: agile
A: powered by pain 1, spiny 1, demonic touch 2
a: no special abilities


You were on level 5 of the Dungeon.
You visited 1 branch of the dungeon, and saw 5 of its levels.

You collected 304 gold pieces.

Inventory:

Missiles
 f - 10 poisoned darts
Armour
 h - a +0 cloak (worn)
   (You found it on level 1 of the Dungeon)
 p - the +0 ring mail "Ykhoroum" (worn) {Int+3 Dex+3}
   (You found it on level 3 of the Dungeon)

   Int:       It affects your intelligence (+3).
   Dex:       It affects your dexterity (+3).
 q - a +0 helmet (worn)
   (You took it off Robin on level 3 of the Dungeon)
Jewellery
 a - an amulet of reflection
   (You found it on level 3 of the Dungeon)
Wands
 m - a wand of mindburst (2)
   (You found it on level 2 of the Dungeon)
Scrolls
 d - 8 scrolls of identify {unknown}
 i - a scroll of vulnerability {unknown}
 j - a scroll of torment {unknown}
 k - 2 scrolls of blinking {unknown}
 l - 2 scrolls of amnesia {unknown}
 n - 2 scrolls of noise {unknown}
 o - 4 scrolls of teleportation {unknown}
 r - a scroll of fear {unknown}
 t - a scroll of enchant weapon {unknown}
 u - a scroll of immolation {unknown}
 x - a scroll of summoning {unknown}
Potions
 b - a potion of lignification
 c - 2 potions of heal wounds {unknown}
 e - a potion of might {unknown}
 g - a potion of flight {unknown}
 s - a potion of degeneration {unknown}
 v - a potion of berserk rage {unknown}
 w - a potion of mutation {unknown}


   Skills:
 - Level 1.0 Fighting
 - Level 1.7 Dodging
 + Level 7.8 Unarmed Combat
 - Level 2.0 Spellcasting
 - Level 1.7 Transmutations


You had 9 spell levels left.
You knew the following spells:

 Your Spells              Type           Power      Damage    Failure   Level
a - Beastly Appendage     Tmut           16%        N/A       21%         1

Your spell library contained the following spells:

 Spells                   Type           Power      Damage    Failure   Level
 Wereblood                Tmut           8%         N/A       30%         2
 Ensorcelled Hibernation  Hex/Ice        2%         N/A       52%         2
 Spider Form              Tmut/Pois      5%         N/A       65%         3
 Ice Form                 Ice/Tmut       5%         N/A       96%         4
 Anguish                  Hex/Necr       0%         N/A       99%         4


Dungeon Overview and Level Annotations

Branches:
Dungeon (5/15)
 Temple: D:4-7

Altars:
Okawaru

Shops:
D:2 *


Innate Abilities, Weirdness & Mutations

You sometimes gain a little power by taking damage.
You are partially covered in sharp spines.
Your touch may inflict irresistible damage on your foes.


Message History

No target in view!
No target in view!
No target in view!
No target in view!
Found Risuph's General Store.
k - 2 scrolls labelled RIXIGUTHAA (gained 1)
There is an entrance to Risuph's General Store here.
You can access your shopping list by pressing '$'.
Found a battleaxe.
Sigmund the Dreaded comes into view.
He is wielding a +0 scythe.
Sigmund shouts!
Sigmund is nearby!
Aiming: Mindburst
Press: ? - help, Shift-Dir - straight line, f - Sigmund
Aim: Sigmund, wielding a +0 scythe and wearing a +0 robe (chance to affect: 72%) Sigmund's mind is blasted!!
Sigmund points at you and mumbles some strange words.
The puff of flame misses you.
Okay, then.
You throw a poisoned dart.
The poisoned dart closely misses Sigmund.
Sigmund points at you and mumbles some strange words.
The magic dart hits you.
You throw a poisoned dart.
The poisoned dart barely misses Sigmund.
Sigmund casts a spell.
Sigmund flickers and vanishes!
Deactivating autopickup; reactivate with Ctrl-A.
No target in view!
Aiming: Mindburst
Press: ? - help, Shift-Dir - straight line Something's mind is blasted!!
Reactivating autopickup.
You feel a bit more experienced.
Your Unarmed Combat skill increases to level 5!
You have reached level 4!
You feel stronger.
Your demonic ancestry asserts itself...
Sharp spines emerge from parts of your body.
You have reached level 5!
Things that are here:
a +0 scythe; a +0 robe
f - 5 poisoned darts (gained 1)
You see here an adder skeleton.
A ball python comes into view.
Found a scroll labelled ONUOME YR YCSE.
The ball python hisses angrily.
You hit the ball python.
You kill the ball python!
No target in view!
No target in view!
No target in view!
No target in view!
No target in view!
No target in view!
No target in view!
You see here a ball python corpse.
l - 2 scrolls labelled ONUOME YR YCSE (gained 1)
You open the door.
Found a stone staircase leading up.
You see here a ball python corpse.
Done exploring.
Done exploring.
No target in view!
No target in view!
No target in view!
No target in view!
No target in view!
No target in view!
Done exploring.
Done exploring.
Done exploring.
(D) Dungeon
Where to? (Enter - D:2, ? - help)
You see here a hobgoblin skeleton.
You see here a frilled lizard skeleton.
There is a stone staircase leading down here.
You climb downwards.
Found four items.
There is a stone staircase leading up here.
There are monsters nearby!
The adder hisses angrily.
The rat barely misses you.
You hit the rat.
You kill the rat!
You see here a rat corpse.
A rat comes into view.
Found 5 gold pieces and a scroll labelled GECSUMAORO.
The adder misses you.
A ball python comes into view.
The adder is struck by your spines. The adder closely misses you.
You see here 16 gold pieces.
The ball python hisses angrily.
You hit the adder.
The adder is heavily wounded.
The adder is struck by your spines.
You kill the adder!
Found a chain mail.
You hit the rat but do no damage. The rat barely misses you.
You barely miss the rat. Your touch misses the rat. The rat closely misses you.
You hit the rat.
You kill the rat!
You punch the ball python!
You kill the ball python!
No target in view!
No target in view!
No target in view!
No target in view!
No target in view!
No target in view!
No target in view!
No target in view!
f - 10 poisoned darts (gained 5)
You now have 128 gold pieces (gained 16).
You see here a rat corpse.
You see here the +0 ring mail "Ykhoroum" {Int+3 Dex+3}.
p - the +0 ring mail "Ykhoroum" {Int+3 Dex+3} You start removing your armour.
You continue taking off your +0 robe. x4
You finish taking off your +0 robe.
You start putting on your armour.
You continue putting on the +0 ring mail "Ykhoroum" {Int+3 Dex+3}. x5
You finish putting on the +0 ring mail "Ykhoroum" {Int+3 Dex+3}.
You feel clever.
You feel agile.
You drop a +0 robe.
You now have 133 gold pieces (gained 5).
You see here a ball python corpse.
d - 5 scrolls labelled GECSUMAORO (gained 1) Natasha, Servant of Life and Death comes into view.
Natasha hisses angrily.
Natasha casts a spell at you.
You feel yourself slow down.
Natasha is nearby!
Natasha is nearby!
Natasha is nearby!
Natasha mumbles some strange words.
Casting: Beastly Appendage (safe; 21% risk of failure)
Confirm with . or Enter, or press ? or * to list all spells.
You grow a pair of large bovine horns.
Your feet morph into talons.
Natasha barely misses you.
You punch Natasha! Your kick misses Natasha.
Natasha is heavily wounded.
Natasha stares at you and mumbles some strange words.
You resist with some effort.
You closely miss Natasha. You claw Natasha. Your headbutt misses Natasha.
Natasha is severely wounded.
Natasha closely misses you.
The crimson imp blinks!
You hit Natasha.
You kill Natasha!
Natasha growls in agony!
Your Unarmed Combat skill increases to level 6!
No target in view!
Your transformation is almost over.
Magic restored.
Your horns disappear.
Your talons disappear.
You feel yourself speed up.
a - an amulet of reflection A hobgoblin comes into view.
The hobgoblin shouts!
A hobgoblin is nearby!
A hobgoblin is nearby!
You hit the hobgoblin.
The hobgoblin is almost dead.
The hobgoblin hits you but does no damage.
You hit the hobgoblin.
You kill the hobgoblin!
No target in view!
No target in view!
No target in view!
No target in view!
You now have 149 gold pieces (gained 16).
Natasha, Servant of Life and Death comes into view.
She is carrying a wand of light (10).
Natasha hisses angrily.
Natasha casts a spell.
There are monsters nearby!
There are monsters nearby!
The crimson imp spits at you.
Casting: Beastly Appendage (safe; 21% risk of failure)
Confirm with . or Enter, or press ? or * to list all spells.
You grow a pair of large bovine horns.
Your feet morph into talons.
The crimson imp blinks!
Natasha zaps a wand.
The bolt of light hits you!
You focus on the pain.
You feel very mighty all of a sudden.
The crimson imp grins evilly.
Natasha barely misses you.
You punch Natasha! You claw Natasha.
You kill Natasha!
Natasha screams in pain as she dies!
The crimson imp disappears in a puff of smoke!
You have reached level 6!
Your demonic ancestry asserts itself...
Your hands glow brighter with unholy energy.
Your transformation is almost over.
Your horns disappear.
Your talons disappear.
You feel a little less mighty now.
HP restored. 3 hobgoblins come into view.
The hobgoblin shouts! x2; You hear a shout!
There are monsters nearby!
There are monsters nearby!
There are monsters nearby!
The hobgoblin is struck by your spines.
The hobgoblin hits you but does no damage.
A goblin comes into view. It is wielding a +0 dagger.
You closely miss the hobgoblin.
The hobgoblin is lightly wounded.
The goblin shouts!
The hobgoblin is struck by your spines. The hobgoblin closely misses you.
You barely miss the hobgoblin.
You touch the hobgoblin.
You kill the hobgoblin!
A goblin comes into view. It is wielding a +0 dagger.
You closely miss the hobgoblin.
The goblin shouts!
You hear a shout! x2
Robin of the Strong Arm comes into view.
They are wielding a +0 trident.
The hobgoblin hits you but does no damage.
You barely miss the hobgoblin. You hit the hobgoblin.
The hobgoblin is severely wounded.
The hobgoblin hits you. Robin throws the goblin at you!
You barely miss the hobgoblin.
You touch the hobgoblin.
You kill the hobgoblin!
The goblin is struck by your spines. The goblin closely misses you.
You closely miss the goblin.
The goblin is heavily wounded.
The goblin hits you but does no damage.
The hobgoblin hits you but does no damage.
Robin roars a battlecry!
The goblins go into a battle-frenzy!
You hear a shout!
You closely miss the goblin.
The goblin is heavily wounded.
The goblin hits you but does no damage. The hobgoblin barely misses you.
You closely miss the goblin.
The goblin is heavily wounded.
The goblin closely misses you.
The hobgoblin hits you but does no damage.
You hit the goblin.
You kill the goblin!
A goblin comes into view. It is wielding a +0 dagger.
The hobgoblin closely misses you.
You punch the hobgoblin!
You kill the hobgoblin!
You hit the goblin.
The goblin is severely wounded.
Robin throws the goblin at you! The goblin barely misses you.
The goblin is struck by your spines.
You kill the goblin!
You barely miss the goblin. Your touch misses the goblin.
You barely miss the goblin. The goblin hits you but does no damage.
You hit the goblin.
You kill the goblin!
Robin hits you but does no damage.
A goblin comes into view. It is wielding a +0 dagger.
Robin hits you but does no damage.
Items here: ) ††††.
You hit Robin.
Robin is lightly wounded.
Robin throws the goblin at you!
You hit Robin. Your touch misses Robin.
Robin is heavily wounded.
The goblin hits you with a +0 dagger. Robin is struck by your spines.
Robin closely misses you.
You hit Robin.
Robin is almost dead.
Robin hits you with a +0 trident. The goblin hits you but does no damage.
You closely miss Robin. Your touch misses Robin.
Robin is almost dead.
The goblin hits you but does no damage. Robin hits you but does no damage.
You closely miss Robin.
Robin is almost dead.
The goblin is struck by your spines.
You kill the goblin!
Robin barely misses you.
You hit Robin.
You kill Robin!
No target in view!
No target in view!
No target in view!
No target in view!
No target in view!
No target in view!
No target in view!
No target in view!
No target in view!
No target in view!
No target in view!
No target in view!
No target in view!
No target in view!
No target in view!
q - a +0 helmet
Things that are here:
a +0 trident; a +0 animal skin A goblin comes into view.
It is wielding a +0 dagger.
The goblin shouts!
The goblin is struck by your spines. The goblin hits you but does no damage.
You hit the goblin.
You kill the goblin!
No target in view!
No target in view!
No target in view!
No target in view!
No target in view!
No target in view!
No target in view!
No target in view!
You start putting on your armour.
You continue putting on your +0 helmet. x4
You finish putting on your +0 helmet.
Things that are here:
a +0 dagger; a goblin corpse An orc comes into view.
It is wielding a +0 trident.
The orc shouts!
You hear a shout!
An orc comes into view. It is wielding a +0 dagger.
There are monsters nearby!
There are monsters nearby!
There are monsters nearby!
The orc hits you from afar with a +0 trident.
An orc priest comes into view. It is wielding a +0 hand axe.
The orc priest invokes the aid of Beogh against you.
Beogh smites you!
Things that are here:
a +0 dagger; a goblin corpse
Things that are here:
a +0 trident; a +0 animal skin
Items here: ) ††††.
Things that are here:
a +0 dagger; a goblin corpse
Items here: ))) †.
You see here the felid skeleton of Natasha.
The orc priest mumbles some strange prayers to Beogh against you.
Beogh smites you!
The orc priest mumbles some strange prayers to Beogh against you.
Beogh smites you!
* * * LOW HITPOINT WARNING * * *
You see here a rat skeleton.
There is a stone staircase leading up here.
You climb upwards.
There is a stone staircase leading down here.
You start resting.
HP restored.
You climb downwards.
The orc completely misses you.
There is a stone staircase leading up here.
You closely miss the orc.
You touch the orc!
You kill the orc!
The orc hits you but does no damage.
You hit the orc but do no damage. Your touch misses the orc.
The orc hits you with a +0 dagger.
You hit the orc but do no damage. Your touch misses the orc.
You punch the orc, but do no damage. The orc hits you but does no damage.
You hit the orc but do no damage. The orc hits you but does no damage.
You punch the orc!
You kill the orc!
You hit the orc priest but do no damage.
You hit the orc priest.
The orc priest is heavily wounded.
The orc priest calls down the wrath of Beogh upon you.
Beogh smites you!
You focus on the pain.
You feel agile all of a sudden.
You closely miss the orc priest.
The orc priest is heavily wounded.
The orc priest hits you but does no damage.
You barely miss the orc priest.
You touch the orc priest!
You kill the orc priest!
No target in view!
No target in view!
HP restored.
r - a scroll labelled MABIM TEXKEXT You feel a little less agile now.
A quokka comes into view.
A quokka is nearby!
A quokka is nearby!
Found a whip.
You barely miss the quokka. You punch the quokka.
The quokka is almost dead.
The quokka is struck by your spines.
You kill the quokka!
No target in view!
No target in view!
No target in view!
No target in view!
No target in view!
No target in view!
No target in view!
You now have 166 gold pieces (gained 17).
A goblin comes into view. It is wielding a +0 club.
Found a stone staircase leading up.
The goblin shouts!
The goblin unwields a +0 club.
The goblin wields a +0 sling.
The goblin shoots a sling bullet.
The sling bullet hits you but does no damage.
A goblin is nearby!
A goblin is nearby!
The goblin shoots a sling bullet.
The sling bullet barely misses you.
The goblin unwields a +0 sling.
The goblin wields a +0 club.
The goblin hits you but does no damage.
You closely miss the goblin. You punch the goblin!
You kill the goblin!
No target in view!
No target in view!
No target in view!
No target in view!
No target in view!
Things that are here:
a +0 club; a +0 sling; a goblin corpse You now have 178 gold pieces (gained 12).
A frilled lizard comes into view.
Found a stone staircase leading down.
The frilled lizard hisses angrily.
A frilled lizard is nearby!
Really walk into that dispersal trap?
You enter a dispersal trap!
The frilled lizard blinks!
You blink.
Found 18 gold pieces.
Found a stone staircase leading down.
Found a sedimented coppery potion.
A frilled lizard is nearby!
The frilled lizard bites you but does no damage.
You punch the frilled lizard!
You kill the frilled lizard!
No target in view!
No target in view!
No target in view!
No target in view!
You see here a frilled lizard corpse.
You now have 196 gold pieces (gained 18).
s - a sedimented coppery potion You now have 213 gold pieces (gained 17).
d - 6 scrolls labelled GECSUMAORO (gained 1)
There is a stone staircase leading down here.
Found a stone staircase leading down.
t - a scroll labelled IQEOLEILUX No target in view!
You open the door.
There is an open door here.
A rat comes into view.
Found a leather armour.
A rat is nearby!
A rat is nearby!
A rat is nearby!
You closely miss the rat. You punch the rat!
You kill the rat!
No target in view!
No target in view!
No target in view!
No target in view!
No target in view!
No target in view!
A rat comes into view.
You see here a rat corpse.
A rat is nearby!
A rat is nearby!
You see here a +0 leather armour.
You punch the rat!
You kill the rat!
No target in view!
No target in view!
No target in view!
No target in view!
No target in view!
No target in view!
Things that are here:
a +0 dagger; a +0 dagger; a +0 sling You see here a +0 dagger.
You see here a +0 dagger.
Things that are here:
a +0 animal skin; a +0 trident You see here a +0 dagger.
A goblin comes into view. It is wielding a +0 club.
A goblin is nearby!
A goblin is nearby!
The goblin shouts!
The goblin is struck by your spines. The goblin misses you.
You hit the goblin.
The goblin is severely wounded.
The goblin hits you with a +0 club.
You hit the goblin.
You kill the goblin!
No target in view!
No target in view!
No target in view!
No target in view!
No target in view!
No target in view!
Found a stone staircase leading up.
Done exploring.
Done exploring.
No target in view!
No target in view!
No target in view!
Done exploring.
(D) Dungeon
Where to? (Enter - D:3, ? - help)
You see here a +0 dagger.
Things that are here:
a +0 animal skin; a +0 trident You see here a +0 dagger.
You see here a +0 dagger.
Things that are here:
a +0 dagger; a +0 dagger; a +0 sling
There is an open door here.
There is a stone staircase leading down here.
You climb downwards.
There is a stone staircase leading up here.
You open the door.
There is an open door here.
You now have 223 gold pieces (gained 10).
There is an open door here.
A scorpion comes into view.
A scorpion is nearby!
You throw a poisoned dart.
The poisoned dart closely misses the scorpion.
The scorpion stings you but does no damage.
You barely miss the scorpion. The scorpion stings you.
You hit the scorpion.
The scorpion is moderately wounded.
The scorpion closely misses you.
You barely miss the scorpion.
The scorpion is moderately wounded.
The scorpion is struck by your spines. The scorpion misses you.
You hit the scorpion.
The scorpion is heavily wounded.
The scorpion is struck by your spines. The scorpion barely misses you.
You hit the scorpion but do no damage. Your touch misses the scorpion.
The scorpion is severely wounded.
The scorpion is struck by your spines.
The scorpion stings you but does no damage.
You hit the scorpion but do no damage.
The scorpion is almost dead.
The scorpion stings you.
You are poisoned.
The scorpion poisons you!
You hit the scorpion but do no damage.
The scorpion is almost dead.
You feel very sick. The scorpion barely misses you.
You barely miss the scorpion.
The scorpion is almost dead.
You feel sick.
The scorpion stings you but does no damage.
The scorpion is struck by your spines. The scorpion stings you.
You are too injured to fight recklessly!
You are too injured to fight recklessly!
You are too injured to fight recklessly!
You completely miss the scorpion.
The scorpion is almost dead.
You feel sick. The scorpion is struck by your spines.
You kill the scorpion!
You start resting.
You feel sick. x6
You are no longer poisoned.
You start resting.
HP restored.
u - a scroll labelled IZXILY BOLU
f - 10 poisoned darts (gained 1)
You open the door.
There is an open door here.
You open the door.
There is an open door here.
You open the door.
There is an open door here.
A hound comes into view.
The hound barks!
A hound is nearby!
A hound is nearby!
The hound barely misses you.
You hit the hound but do no damage. The hound is struck by your spines.
The hound bites you but does no damage.
You hit the hound.
You touch the hound.
The hound is severely wounded.
The hound barely misses you.
You closely miss the hound.
The hound is severely wounded.
The hound pauses to sniff the ground.
The hound bites you. The hound is struck by your spines.
The hound barely misses you.
You hit the hound.
You kill the hound!
No target in view!
No target in view!
No target in view!
No target in view!
v - a sapphire potion You open the door.
A goblin comes into view. It is wielding a +0 club.
The goblin shouts!
There is an open door here.
A goblin is nearby!
A goblin is nearby!
You grow a pair of large bovine horns.
Your feet morph into talons.
Your +0 helmet melds into your body.
The goblin closely misses you.
You punch the goblin!
You kill the goblin!
No target in view!
No target in view!
No target in view!
No target in view!
No target in view!
No target in view!
No target in view!
Your transformation is almost over.
Magic restored.
w - a smoky pink potion You open the door.
Your horns disappear.
Your talons disappear.
Your +0 helmet unmelds from your body.
There is an open door here.
You now have 242 gold pieces (gained 19).
A dart slug comes into view.
A dart slug is nearby!
A dart slug is nearby!
An endoplasm comes into view.
The endoplasm quivers.
A kobold comes into view. It is wielding a +0 club.
The dart slug launches a dart at you.
The slug dart hits you but does no damage.
You miscast Beastly Appendage.
You are very lightly contaminated with residual magic.
Nothing appears to happen.
Found 19 gold pieces.
You hit the dart slug.
You touch the dart slug.
You kill the dart slug!
The endoplasm is struck by your spines.
You kill the endoplasm!
You hit the kobold.
You kill the kobold!
No target in view!
No target in view!
No target in view!
No target in view!
No target in view!
No target in view!
No target in view!
No target in view!
Your magical contamination has completely faded away.
You now have 261 gold pieces (gained 19).
n - 2 scrolls labelled JIERUIBY ORAED (gained 1)
You see here a dart slug corpse.
A kobold comes into view. It is wielding a +0 dagger.
A kobold is nearby!
A kobold is nearby!
A kobold is nearby!
The kobold is struck by your spines.
You kill the kobold!
No target in view!
No target in view!
No target in view!
No target in view!
No target in view!
No target in view!
As you open the door, it creaks loudly!
You hear a shout!
Found 19 gold pieces.
A goblin comes into view. It is wielding a +0 dagger.
There is an open door here.
A goblin is nearby!
You see here 19 gold pieces.
The goblin is struck by your spines.
You kill the goblin!
No target in view!
No target in view!
No target in view!
No target in view!
No target in view!
No target in view!
No target in view!
No target in view!
No target in view!
No target in view!
You now have 280 gold pieces (gained 19).
You open the door.
An ufetubus comes into view.
The ufetubus shouts!
There is an open door here.
An ufetubus is nearby!
An ufetubus is nearby!
An ufetubus is nearby!
You hit the ufetubus.
You kill the ufetubus!
Your Unarmed Combat skill increases to level 7!
No target in view!
No target in view!
No target in view!
No target in view!
No target in view!
No target in view!
No target in view!
You open the door.
A hound comes into view.
A hound is nearby!
A hound is nearby!
The hound is struck by your spines. The hound bites you but does no damage.
There is an open door here.
You barely miss the hound. Your touch misses the hound.
The hound is moderately wounded.
The hound bites you but does no damage.
You hit the hound but do no damage.
The hound is moderately wounded.
The hound is struck by your spines. The hound barely misses you. x2
You barely miss the hound.
The hound is heavily wounded.
The hound closely misses you.
You hit the hound.
You touch the hound!
You kill the hound!
No target in view!
No target in view!
No target in view!
You open the door.
There is an open door here.
You open the door.
A hobgoblin comes into view.
The hobgoblin shouts!
A hobgoblin is nearby!
A hobgoblin is nearby!
There is an open door here.
You closely miss the hobgoblin.
You touch the hobgoblin.
You kill the hobgoblin!
No target in view!
No target in view!
No target in view!
No target in view!
No target in view!
No target in view!
No target in view!
No target in view!
As you open the door, it creaks loudly!
Found 24 gold pieces.
A scorpion comes into view.
There is an open door here.
A scorpion is nearby!
The scorpion closely misses you.
You hit the scorpion. Your touch misses the scorpion.
The scorpion is lightly wounded.
The scorpion barely misses you.
You hit the scorpion. Your touch misses the scorpion.
The scorpion is heavily wounded.
The scorpion stings you but does no damage.
You closely miss the scorpion. Your touch misses the scorpion.
The scorpion is heavily wounded.
The scorpion stings you but does no damage.
The scorpion closely misses you.
You hit the scorpion but do no damage.
You touch the scorpion!
You kill the scorpion!
You have reached level 7!
You now have 292 gold pieces (gained 12).
You now have 304 gold pieces (gained 12).
You open the door.
Found a stone staircase leading down.
Found a whip.
There is an open door here.
A dart slug comes into view.
The dart slug launches a dart at you.
The slug dart hits you but does no damage.
A dart slug is nearby!
You punch the dart slug!
The dart slug is severely wounded.
The dart slug closely misses you.
You hit the dart slug but do no damage.
The dart slug is severely wounded.
The dart slug bites you but does no damage.
You hit the dart slug.
You touch the dart slug.
You kill the dart slug!
No target in view!
No target in view!
No target in view!
No target in view!
No target in view!
No target in view!
No target in view!
No target in view!
You open the door.
There is an open door here.
You open the door.
There is an open door here.
You open the door.
There is an open door here.
There is an open door here.
You open the door.
There is an open door here.
d - 7 scrolls labelled GECSUMAORO (gained 1)
There is an open door here.
Found a dagger.
You open the door.
Found a stone staircase leading down.
There is an open door here.
You open the door.
There is an open door here.
o - 4 scrolls labelled TAODIUW ZOMNOA (gained 1)
Found a stone staircase leading up.
No target in view!
You open the door.
There is an open door here.
You open the door.
A kobold comes into view. It is wielding a +0 dagger.
The kobold throws a stone.
The stone closely misses you.
A kobold is nearby!
A kobold is nearby!
A kobold is nearby!
The kobold throws a stone.
The stone hits you but does no damage.
There is an open door here.
The kobold throws a stone.
The stone hits you but does no damage. The kobold hits you but does no damage.
You closely miss the kobold. Your touch misses the kobold.
The kobold completely misses you.
You hit the kobold.
You kill the kobold!
No target in view!
No target in view!
No target in view!
No target in view!
No target in view!
No target in view!
Found a stone staircase leading up.
You open the door.
There is an open door here.
A kobold and a necrophage come into view.
The kobold shouts!
There are monsters nearby!
The necrophage is struck by your spines.
The necrophage hits you. The kobold is struck by your spines.
The kobold hits you with a +0 dagger.
You hit the kobold.
You kill the kobold!
The necrophage barely misses you.
You closely miss the necrophage.
The necrophage is lightly damaged.
The necrophage is struck by your spines.
The necrophage hits you.
You feel drained.
You closely miss the necrophage.
The necrophage is moderately damaged.
The necrophage closely misses you.
You hit the necrophage.
You touch the necrophage!
The necrophage is almost destroyed.
The necrophage is struck by your spines.
You destroy the necrophage!
Your life force feels restored.
No target in view!
No target in view!
No target in view!
No target in view!
No target in view!
No target in view!
No target in view!
No target in view!
No target in view!
No target in view!
No target in view!
No target in view!
You see here a necrophage corpse.
You open the door.
There is an open door here.
You open the door.
Found a stone staircase leading down.
There is an open door here.
You open the door.
There is an open door here.
There is an open door here.
You open the door.
There is an open door here.
d - 8 scrolls labelled GECSUMAORO (gained 1)
You see here a staff of cold.
You open the door.
There is an open door here.
A hound comes into view.
The hound barks!
A hound is nearby!
Found 7 stones.
The hound bites you but does no damage.
You closely miss the hound. The hound is struck by your spines.
The hound bites you but does no damage.
You completely miss the hound.
The hound is lightly wounded.
The hound is struck by your spines. The hound completely misses you.
The hound misses you.
You closely miss the hound.
The hound is lightly wounded.
The hound barely misses you.
You closely miss the hound.
The hound is lightly wounded.
The hound closely misses you.
You barely miss the hound. Your punch misses the hound.
The hound is lightly wounded.
The hound bites you.
You closely miss the hound.
The hound is lightly wounded.
The hound is struck by your spines. The hound closely misses you.
You hit the hound.
The hound is almost dead.
The hound bites you but does no damage. The hound is struck by your spines.
The hound bites you but does no damage.
You hit the hound.
You kill the hound!
No target in view!
x - a scroll labelled UXZEP MOGHYUK You open the door.
Found a robe.
There is an open door here.
You open the door.
There is an open door here.
You open the door.
There is an open door here.
There is an open door here.
There is an open door here.
There is an open door here.
There is an open door here.
There is a stone staircase leading up here.
There is an open door here.
There is an open door here.
You open the door.
There is an open door here.
Key pressed, stopping explore.
No target in view!
No target in view!
No target in view!
No target in view!
No target in view!
You pick up a book of Dreams and begin reading...
You add the spells Ensorcelled Hibernation and Anguish to your library.
c - 2 metallic emerald potions (gained 1) Done exploring.
Done exploring.
Done exploring.
Done exploring.
Okay, then.
Done exploring.
Done exploring.
Done exploring.
Done exploring.
(D) Dungeon
Where to? (Enter - D:4, ? - help)
There is an open door here.
There is an open door here.
There is a stone staircase leading down here.
You climb downwards.
The orc shouts!
You hear a shout!
Found a golden potion, a shortbow and 2 fuming grey potions.
There is a stone staircase leading up here.
An orc is nearby!
An orc is nearby!
An orc is nearby!
An orc and an adder come into view.
The orc shouts!
The adder hisses angrily.
You hear a shout! x2
An orc comes into view. It is wielding a +0 mace.
You see here a golden potion. 2 orcs come into view.
The orc shouts! x2
The orc barely misses you.
You barely miss the orc.
You touch the orc.
You kill the orc!
The adder barely misses you.
You miss the adder. You punch the adder.
The adder is lightly wounded.
An ogre comes into view. It is wielding a +0 giant club.
The adder barely misses you.
You hit the adder.
The adder is heavily wounded.
The orc is struck by your spines. The orc hits you but does no damage.
The adder misses you.
You barely miss the orc.
You touch the orc.
You kill the orc!
The adder is struck by your spines. The adder bites you but does no damage.
You miss the adder. Your touch misses the adder.
The adder is severely wounded.
The adder is struck by your spines.
You kill the adder!
The orc is struck by your spines. The orc hits you but does no damage.
The orc barely misses you.
You closely miss the orc. Your touch misses the orc.
The orc is heavily wounded.
The orc hits you but does no damage. The orc is struck by your spines.
You kill the orc!
The orc closely misses you.
You hit the orc but do no damage.
The orc is heavily wounded.
You hit the orc.
You kill the orc!
The orc is struck by your spines. The orc hits you with a +0 mace.
You closely miss the orc.
The orc is heavily wounded.
The orc is struck by your spines. The orc barely misses you.
You closely miss the orc. Your touch misses the orc.
The orc is severely wounded.
The ogre is struck by your spines. The ogre hits you with a +0 giant club!
The orc is struck by your spines. The orc closely misses you.
You are too injured to fight recklessly!
You are too injured to fight recklessly!
You are too injured to fight recklessly!
You are too injured to fight recklessly!
You are too injured to fight recklessly!
You are too injured to fight recklessly!
You are too injured to fight recklessly!
You are too injured to fight recklessly!
You hit the orc.
You kill the orc!
You hit the ogre.
The ogre is lightly wounded.
The ogre hits you with a +0 giant club!
* * * LOW HITPOINT WARNING * * *
You focus on the pain.
You feel agile all of a sudden.
You closely miss the ogre. You punch the ogre!
The ogre is moderately wounded.
The ogre hits you with a +0 giant club!!
Ouch! That really hurt!
You die...

............
.#......... ..
........... ...
..........
#..###.......#
#............#
#......)O....#
!#.....)@# ...##
)........#......
........!.......
.......<..##....
#...............
.....##........
..... ..##......
#... .... ...#..
#.. .... ..## .


You could see an ogre.

Vanquished Creatures
  Sigmund (D:2)
  2 scorpions (D:4)
  A necrophage (D:4)
  3 hounds (D:4)
  An orc priest (D:3)
  Natasha (twice) (D:3)
  Robin (D:3)
  4 adders
  An ufetubus (D:4)
  3 dart slugs
  7 orcs
  4 bats
  5 endoplasms
  A giant cockroach (D:2)
  14 goblins
  10 hobgoblins
  5 kobolds
  3 quokkas
  5 ball pythons
  3 frilled lizards
  8 rats
84 creatures vanquished.

Notes
Turn   | Place    | Note
-------+----------+-------------------------------------------
     0 | D:1      | sleeves the Demonspawn Transmuter began the quest for the
                  | Orb.
     0 | D:1      | Reached XP level 1. HP: 15/15 MP: 3/3
   193 | D:1      | Reached skill level 3 in Unarmed Combat
   398 | D:1      | Gained mutation: Your touch may inflict minor irresistible
                  | damage on your foes. [demonic ancestry]
   398 | D:1      | Reached XP level 2. HP: 21/21 MP: 3/5
   982 | D:2      | HP: 6/21 [frozen (5)]
   983 | D:2      | HP: 1/21 [frozen (5)]
  1211 | D:2      | Gained mutation: You sometimes gain a little power by
                  | taking damage. [demonic ancestry]
  1211 | D:2      | Reached XP level 3. HP: 22/26 MP: 6/6
  1249 | D:2      | Reached skill level 4 in Unarmed Combat
  1396 | D:2      | Found an iron altar of Okawaru.
  1496 | D:2      | Found Risuph's General Store.
  1561 | D:2      | Noticed Sigmund
  1565 | D:2      | Killed Sigmund
  1566 | D:2      | Reached skill level 5 in Unarmed Combat
  1566 | D:2      | Gained mutation: You are partially covered in sharp spines.
                  | [demonic ancestry]
  1566 | D:2      | Reached XP level 4. HP: 25/32 MP: 7/7
  1566 | D:2      | Reached XP level 5. HP: 29/37 MP: 8/8
  1759 | D:3      | Identified the +0 ring mail "Ykhoroum" {Int+3 Dex+3}
  1795 | D:3      | Noticed Natasha
  1800 | D:3      | Killed Natasha
  1801 | D:3      | Reached skill level 6 in Unarmed Combat
  1849 | D:3      | Noticed Natasha
  1854 | D:3      | Killed Natasha
  1855 | D:3      | Gained mutation: Your touch may inflict irresistible damage
                  | on your foes. [demonic ancestry]
  1855 | D:3      | Reached XP level 6. HP: 30/43 MP: 7/9
  1913 | D:3      | Noticed Robin
  1932 | D:3      | Killed Robin
  2027 | D:3      | HP: 9/43 [orc priest/divine providence (14)]
  2680 | D:4      | HP: 21/43 [poisoned by a scorpion]
  2925 | D:4      | Reached skill level 7 in Unarmed Combat
  2963 | D:4      | Reached XP level 7. HP: 48/48 MP: 10/10
  3451 | D:5      | Entered Level 5 of the Dungeon
  3466 | D:5      | HP: 14/48 [ogre/+0 giant club (15)]
  3467 | D:5      | Mangled by an ogre

Illustrated notes

Levels and vault maps discovered:
D:1:      erik_arrival_orb_chamber, layout_loops_ring
D:2:      layout_loops_ring, basic_altar, serial_shops, shop,
          grunt_ministairs_6, hangedman_decor_lopped,
          nicolae_elevator_lobby_plus, uniq_sigmund
D:3:      layout_basic, tgw_xom, st_stairs_12, uniq_robin, uniq_natasha
D:4:      nicolae_cairo_tiling_very_big, layout_gridville
D:5:      layout_cave_pools, serial_gnoll_camp, gnoll_camp_mini_doghouse,
          gnoll_camp_mini_doghouse, gnoll_camp_mini_shop, gnoll_camp_mini_basic

Skill      XL: |  1  2  3  4  5  6 |
---------------+-------------------+-----
Unarmed Combat | 3 5 6 7 |  7.8
Fighting       | |  1.0
Dodging        | |  1.7
Spellcasting   | |  2.0
Transmutations | |  1.7

Action                   |  1- 3 |  4- 6 |  7- 9 || total
-------------------------+-------+-------+-------++-------
Melee: Unarmed           |    93 |    79 |    30 ||   202
       Punch             |     1 |     2 |     2 ||     5
       Headbutt          |     1 |       |       ||     1
       Touch             |    12 |     9 |     4 ||    25
       Kick              |       |     2 |       ||     2
Throw: Dart              |     2 |     1 |       ||     3
 Cast: Beastly Appendage |     3 |     3 |       ||     6
Evoke: Wand              |     2 |       |       ||     2
  Use: Potion            |     1 |       |       ||     1
 Stab: Sleeping          |     2 |       |       ||     2
Armor: Robe              |    22 |       |       ||    22
       Ring mail         |       |    30 |    13 ||    43
Dodge: Dodged            |    64 |    33 |    18 ||   115

Table legend: (Time is in decaauts)
 A = Elapsed time spent in this place.
 B = Non-inter-level travel time spent in this place.
 C = Inter-level travel time spent in this place.
 D = Time resting spent in this place.
 E = Time spent auto-exploring this place.
 F = Levels seen in this place.
 G = Mean time per level.
                   A        B        C        D        E       F      G
               +--------+--------+--------+--------+--------+-----+--------+
         Total |   3438 |   3276 |    162 |    241 |   2452 |   5 |  687.6 |
       Dungeon |   3438 |   3276 |    162 |    241 |   2452 |   5 |  687.6 |
               +--------+--------+--------+--------+--------+-----+--------+

Top non-repeatable levels by time:
     D:2: 931 daAuts
     D:1: 898 daAuts
     D:4: 797 daAuts
     D:3: 797 daAuts
     D:5: 14 daAuts
